 Dungeon Crawl Stone Soup version 0.18-a0-1396-g8753ca6 (webtiles) character file.

3378 dvd the Ducker (level 9, -2/61 HPs)
             Began as a High Elf Gladiator on Feb 23, 2016.
             Was a Priest of Ru.
             Killed by divine providence
             ... invoked by an orc priest
              (12 damage)
             ... on level 8 of the Dungeon.
             The game lasted 00:48:21 (11514 turns).

dvd the Ducker (High Elf Gladiator)                Turns: 11514, Time: 00:48:21

Health: -2/61      AC: 15    Str: 15    XL:     9   Next: 74%
Magic:  17/17      EV: 16    Int: 12    God:    Ru [***...]
Gold:   340        SH:  0    Dex: 17    Spells: 2 memorised, 12 levels left

rFire  . . .     SeeInvis +     a - +2 long sword
rCold  + . .     Gourm    .     b - +0 leather armour
rNeg   + . .     Faith    .     (no shield)
rPois  .         Spirit   .     s - +2 hat {SInv}
rElec  .         Dismiss  .     (no cloak)
rCorr  .         Reflect  .     k - +0 pair of gloves
SustAt .         Harm     .     z - +0 pair of boots
MR     .....                    m - amulet of rage
Stlth  ++........               p - ring of positive energy
                                (no ring)

@: exhausted, icy armour, very slightly contaminated, drained, slow, not
resistant to hostile enchantments, unstealthy
A: talons 1, thin metallic scales 1, cold resistance 1, dopey 1, unskilled 1,
inexperienced 1
a: Draw Out Power, Renounce Religion, Evoke Berserk Rage


You were on level 8 of the Dungeon.
You worshipped Ru.
Ru was most pleased with you.
You were not hungry.

You visited 2 branches of the dungeon, and saw 9 of its levels.

You collected 340 gold pieces.

Inventory:

Hand Weapons
 a - a +2 long sword (weapon)
 l - a +0 dagger of flaming
 A - a +5 hunting sling of freezing
 B - a +0 short sword
Missiles
 E - a throwing net (quivered)
Armour
 b - a +0 leather armour (worn)
 e - a +2 helmet
 k - a +0 pair of gloves (worn)
 q - a +0 gold dragon armour
 r - a +2 chain mail of fire resistance
 s - a +2 hat of see invisible (worn)
 x - a +0 buckler
 z - a +0 pair of boots (worn)
Jewellery
 d - an uncursed ring of fire
 m - an amulet of rage (around neck)
 p - a ring of positive energy (right hand)
Wands
 n - a wand of paralysis (15/24)
 u - a wand of paralysis (11/24)
Scrolls
 h - 3 scrolls of remove curse
 i - a scroll of amnesia
 t - a scroll of identify
 G - a scroll of teleportation
Potions
 c - a potion of cure mutation
 o - 2 potions of flight
 D - a potion of lignification
Books
 w - an Akashic Record

   Spells                             Type                      Level
   a - Dispersal                      Translocation                6
   b - Malign Gateway                 Summoning/Translocation      7
   c - Disjunction                    Translocation                8
   d - Controlled Blink               Translocation                8
 y - a book of Frost

   Spells                             Type                      Level
   a - Freeze                         Ice                          1
   b - Throw Frost                    Conjuration/Ice              2
   c - Ozocubu's Armour               Charms/Ice                   3
   d - Throw Icicle                   Conjuration/Ice              4
   e - Summon Ice Beast               Ice/Summoning                4
Comestibles
 f - 9 bread rations
 g - 4 fruits
 I - 6 beef jerkies


   Skills:
 + Level 5.0(4.6) Fighting
 + Level 7.5(7.1) Long Blades
 + Level 2.1(1.8) Throwing
 + Level 3.4(3.1) Armour
 + Level 7.6(7.2) Dodging
 + Level 2.8(2.4) Stealth
 + Level 4.6(4.3) Spellcasting
 + Level 3.3(2.9) Conjurations
 + Level 3.3(3.0) Charms
 + Level 3.7(3.3) Ice Magic
 + Level 0.6(0.3) Evocations


You had 12 spell levels left.
You knew the following spells:

 Your Spells              Type           Power        Failure   Level  Hunger
a - Throw Frost           Conj/Ice       ##....       12%         2    ##.....
b - Ozocubu's Armour      Chrm/Ice       ##......     24%         3    ###....


Dungeon Overview and Level Annotations

Branches:
Dungeon (8/15)             Temple (1/1) D:5
   Lair: D:8-11

Altars:
Ashenzari
Cheibriados
Dithmenos
Elyvilon
Fedhas
Gozag
Kikubaaqudgha
Makhleb
Nemelex Xobeh
Qazlal
Ru
Sif Muna
Trog
Vehumet
Xom
Yredelemnul
Zin
The Shining One


Innate Abilities, Weirdness & Mutations

You are somewhat unskilled (-1 Apt).
You are somewhat inexperienced (-2 XL).
You have sharp toenails.
You are partially covered in thin metallic scales (AC +2).
Your flesh is cold resistant.
You are dopey. (Int -2)


Message History

The orc priest invokes the aid of Beogh against the hippogriff.
The hippogriff convulses in agony!
You hit the orc warrior.
The orc warrior is almost dead.
The orc warrior hits you with a short sword!
You focus your will and illuminate the orc warrior in retribution!
You closely miss the orc warrior.
The orc warrior is almost dead.
The orc warrior misses you.
The orc warrior hits you with a short sword!
* * * LOW HITPOINT WARNING * * *
Your leather armour prevents you from hitting the orc warrior.
The orc warrior is almost dead.
The orc priest looks braver for a moment.
The orc warrior hits you but does no damage.
You barely miss the orc warrior.
The orc warrior is almost dead.
The orc priest invokes the aid of Beogh against you.
Beogh smites you!
You die...

###########
#####.........#
#.....#######'##
#....##...##...#
#....#>.⌠..'.⌠.'
#....##...##...#
######.....#######.##
#oHo@.....(# ##.##
#.....s###.....#
#...# ....... #.....#
#.⌠.# ....... #>....#
#...# ....... ###.###
##<## ....... .# ###
....... .# ....... .#


You could see a hippogriff, an orc warrior, an orc priest and a giant cockroach.

Vanquished Creatures
  Pikel (D:7)
  Joseph (D:7)
  A hungry ghost (D:7)
  2 hippogriffs
  An ice beast (D:6)
  An orc warrior (D:7)
  2 phantoms (D:5)
  2 slaves (D:7)
  A sky beast (D:5)
  4 ogres
  3 centaurs
  A crocodile (D:5)
  A giant frog (D:6)
  A water moccasin zombie (D:7)
  2 scorpions (D:7)
  7 killer bees
  5 crimson imps
  A jelly (D:5)
  A wasp zombie (D:8)
  5 hounds
  2 giant frog skeletons
  2 orc priests
  5 orc wizards
  2 centaur skeletons
  2 iguanas
  Terence (D:2)
  5 worker ants
  A hound zombie (D:5)
  A howler monkey zombie (D:6)
  15 gnolls
  12 adders
  A shadow imp (D:5)
  2 oozes
  2 dart slugs
  4 giant geckos
  12 orcs
  3 ball pythons
  4 giant cockroaches
  6 goblins
  8 hobgoblins
  7 jackals
  7 quokkas
  11 bats
  5 giant newts
  A jackal skeleton (D:4)
  A jackal zombie (D:5)
  6 kobolds
  5 rats
176 creatures vanquished.

Vanquished Creatures (others)
  2 gnolls (D:7)
  An orc (D:7)
3 creatures vanquished.

Grand Total: 179 creatures vanquished

Notes
Turn   | Place    | Note
--------------------------------------------------------------
     0 | D:1      | dvd the High Elf Gladiator began the quest for the Orb.
     0 | D:1      | Reached XP level 1. HP: 14/14 MP: 2/2
   326 | D:1      | Reached XP level 2. HP: 14/19 MP: 3/3
  1139 | D:2      | Reached XP level 3. HP: 25/25 MP: 4/4
  1382 | D:2      | Noticed Terence
  1397 | D:2      | Reached skill level 1 in Armour
  1415 | D:2      | Killed Terence
  1415 | D:2      | Reached XP level 4. HP: 16/30 MP: 5/5
  1987 | D:2      | Found a stormy altar of Qazlal.
  2914 | D:3      | Found a faded altar to an unknown god.
  2946 | D:3      | Reached XP level 5. HP: 23/35 MP: 6/6
  3817 | D:4      | Reached skill level 5 in Long Blades
  3885 | D:4      | Learned a level 2 spell: Throw Frost
  3982 | D:4      | Found a sacrificial altar of Ru.
  4001 | D:4      | Became a worshipper of Ru the Awakened
  4076 | D:4      | Reached XP level 6. HP: 39/42 MP: 7/7
  4626 | D:4      | Reached skill level 5 in Dodging
  4626 | D:4      | Reached skill level 1 in Stealth
  4626 | D:4      | Reached skill level 1 in Ice Magic
  4632 | D:4      | Learned a level 3 spell: Ozocubu's Armour
  4937 | D:5      | Entered Level 5 of the Dungeon
  4938 | D:5      | Found a basalt altar of Yredelemnul.
  4951 | D:5      | Noticed a sky beast
  5349 | D:5      | Reached skill level 1 in Spellcasting
  5360 | D:5      | Reached XP level 7. HP: 43/46 MP: 1/9
  5637 | D:5      | Reached skill level 1 in Conjurations
  6289 | D:5      | Found a staircase to the Ecumenical Temple.
  6303 | Temple   | Entered the Ecumenical Temple
  6343 | Temple   | Gained mutation: You are somewhat inexperienced (-2 XL). [Ru sacrifice]
  6343 | Temple   | Reached XP level 6. HP: 43/43 MP: 10/10
  6343 | Temple   | Reached XP level 5. HP: 37/37 MP: 9/9
  6343 | Temple   | Reached * piety under Ru
  6617 | D:5      | Noticed a phantom
  6622 | D:5      | Reached XP level 6. HP: 17/43 MP: 2/10
  7151 | D:5      | Reached skill level 1 in Charms
  7565 | D:6      | Found an opulent altar of Gozag.
  7647 | D:6      | Reached XP level 7. HP: 48/48 MP: 0/11
  8429 | D:6      | Found a shadowy altar of Dithmenos.
  8857 | D:7      | Noticed Pikel
  8858 | D:7      | Noticed Joseph
  9051 | D:7      | Found a burning altar of Makhleb.
  9051 | D:7      | Noticed a cacodemon
  9056 | D:7      | Reached XP level 8. HP: 54/54 MP: 0/13
  9697 | D:7      | Found a white marble altar of Elyvilon.
  9881 | D:7      | Identified 3 scrolls of acquirement
 10366 | D:7      | Reached XP level 9. HP: 30/60 MP: 12/16
 10379 | D:7      | HP: 3/60 [hippogriff (7)]
 10384 | D:7      | Reached skill level 5 in Fighting
 10505 | D:7      | Killed Pikel
 10524 | D:7      | Gained mutation: You are somewhat unskilled (-1 Apt). [Ru sacrifice]
 10524 | D:7      | Reached ** piety under Ru
 10524 | D:7      | Reached *** piety under Ru
 10672 | D:7      | Found a bloodstained altar of Trog.
 10707 | D:7      | Found a deep blue altar of Sif Muna.
 10708 | D:7      | Found a glowing golden altar of the Shining One.
 10887 | D:7      | Killed Joseph
 11016 | D:7      | Gained mutation: Your flesh is cold resistant. [potion of mutation]
 11016 | D:7      | Gained mutation: You are partially covered in thin metallic scales (AC +2). [potion of mutation]
 11016 | D:7      | Gained mutation: You are dopey. (Int -2) [potion of mutation]
 11018 | D:7      | Gained mutation: You have sharp toenails. [potion of beneficial mutation]
 11181 | D:8      | Reached skill level 5 in Fighting
 11514 | D:8      | Killed from afar by an orc priest

Vault maps used:
D:1:      tarquinn_simple_flora_water_a, serial_bayou_ford_a
D:2:      overflow_temple_1_default, first_bread, corexii_corridor_pit,
          serial_bayou_pond_b, dk_noncrumbling_4, uniq_terence
D:3:      ecumenical_altar_1
D:4:      lemuel_coloured_pillars_altar
D:5:      yredelemnul_altar_generic, lemuel_temple_firewalk_marked
D:6:      nicolae_gozag_cash_rules_everything_around_me,
          grunt_dithmenos_smoke_and_mirrors, fountainhead
D:7:      makhleb_altar_promises_db, lemuel_crystal_altar, bloody_trog,
          gammafunk_temple_overflow_pools, minmay_misc_feat_diagonals,
          grunt_ogre_cave, uniq_joseph, uniq_pikel
D:8:      grunt_pakellas_salt, okawaru_gym_becter, nicolae_zen_rock_garden,
          grunt_ministairs_5
Temple:   minmay_temple_bridge_b_8

Skill      XL: |  1  2  3  4  5  6  7  8  9 |
---------------+----------------------------+-----
Dodging        | 4 6 7 7 |  7.6
Long Blades    | 4 5 6 7 |  7.5
Armour         | 1 2 3 |  3.4
Fighting       | 3 4 5 |  5.0
Stealth        | 1 2 |  2.8
Ice Magic      | 1 2 3 |  3.7
Spellcasting   | 1 3 4 |  4.6
Conjurations   | 2 1 3 |  3.3
Charms         | 1 2 3 |  3.3
Throwing       | |  2.1
Evocations     | |  0.6

Action                   |  1- 3 |  4- 6 |  7- 9 || total
-------------------------+-------+-------+-------++-------
Melee: Long sword        |   143 |   297 |   397 ||   837
       Dagger            |       |       |    25 ||    25
Throw: Throwing net      |     7 |     2 |       ||     9
 Cast: Throw Frost       |       |    38 |    43 ||    81
       Ozocubu's Armour  |       |       |    22 ||    22
Invok: Sacrifice Experie |       |     1 |       ||     1
       Draw Out Power    |       |       |     1 ||     1
       Sacrifice Skill   |       |       |     1 ||     1
 Abil: Evoke Berserk Rag |       |       |     3 ||     3
  Use: Scroll            |       |     9 |     9 ||    18
       Potion            |       |     1 |    12 ||    13
 Stab: Sleeping          |       |     2 |     1 ||     3
       Invisible         |       |       |     2 ||     2
  Eat: Chunk             |     2 |    14 |    17 ||    33
       Meat ration       |       |     1 |     3 ||     4
       Pizza             |       |     1 |     1 ||     2
       Beef jerky        |       |     1 |       ||     1
